Map: Moondance

Players

Nice - Winner!

  • Race: Protoss Protoss
  • Spawn Location: 12:00

PtitDrogo

  • Race: Protoss Protoss
  • Spawn Location: 6:00

Event: DreamHack SC2 Masters 2022 Atlanta (Offline)

VOD

Have the link to the VOD?

Description

Time

  • Played on: Nov. 18, 2022, 11:23 a.m.
  • Length: 7:11

All games in this series

Show
View Real Time Build Order
Export as new Build Order

Nice Protoss - Winner!

Build Orders: Oracle Opening 

Get SALT Encoding   

  12  0:01  Probe  
  13  0:13  Probe  
  14  0:17  Pylon  
  14  0:25  Probe (Chrono Boost)  
  16  0:37  Probe (Chrono Boost), Gateway  
  16  0:41  Probe (Chrono Boost)  
  16  0:46  Assimilator  
  17  0:52  Probe  
  17  0:54  Assimilator  
  18  1:04  Probe (Chrono Boost)  
  18  1:09  Gateway  
  19  1:14  Probe (Chrono Boost)  
  20  1:19  Probe (Chrono Boost)  
  20  1:24  Cybernetics Core  
  21  1:30  Probe  
  22  1:34  Pylon  
  22  1:42  Probe  
  23  1:54  Probe  
  23  2:01  Warp Gate, Stalker x2  
  28  2:13  Pylon  
  27  2:40  Stargate  
  27  2:51  Probe  
  28  2:57  Nexus  
  28  3:01  Shield Battery  
  28  3:03  Probe  
  29  3:15  Probe  
  30  3:20  Pylon  
  30  3:22  Oracle (Chrono Boost)  
  33  3:27  Probe  
  34  3:39  Probe  
  35  3:48  Oracle (Chrono Boost)  
  38  3:51  Twilight Council, Probe  
  39  3:58  Stalker  
  41  4:03  Probe  
  41  4:05  Stalker  
  44  4:16  Probe  
  46  4:19  Shield Battery, Blink (Chrono Boost)  
  46  4:20  Pylon  
  44  4:28  Probe  
  45  4:32  Gateway  
  45  4:33  Probe  
  46  4:39  Gateway  
  46  4:45  Probe x2  
  48  4:51  Stalker  
  50  4:57  Probe x2  
  50  4:59  Stalker  
  54  5:09  Probe  
  54  5:10  Probe  
  54  5:13  Pylon  
  56  5:21  Stalker  
  56  5:23  Assimilator  
  56  5:24  Stalker  
  56  5:25  Probe x2  
  62  5:29  Stalker  
  62  5:34  Pylon  
  64  5:42  Stalker  
  66  5:44  Probe x2  
  66  5:46  Stalker  
  70  5:51  Stalker  
  72  5:57  Stalker  
  72  5:59  Probe  
  72  6:00  Probe  
  72  6:02  Pylon  
  76  6:09  Adept x2  
  80  6:18  Pylon  
  80  6:29  Stalker x2  
  80  6:30  Stalker x2  
  77  6:52  Probe  
  72  6:59  Stalker x4  
Show
View Real Time Build Order
Export as new Build Order

PtitDrogo Protoss 

Build Orders:  

Get SALT Encoding   

  12  0:00  Probe  
  13  0:12  Probe  
  14  0:16  Pylon  
  14  0:24  Probe (Chrono Boost)  
  15  0:36  Probe (Chrono Boost)  
  15  0:37  Gateway  
  16  0:44  Probe (Chrono Boost)  
  16  0:46  Assimilator  
  17  0:51  Probe  
  18  0:59  Assimilator  
  18  1:03  Probe (Chrono Boost)  
  19  1:08  Gateway  
  19  1:13  Probe (Chrono Boost)  
  20  1:19  Probe  
  20  1:23  Cybernetics Core  
  21  1:31  Probe  
  22  1:37  Pylon  
  22  1:43  Probe  
  23  1:57  Warp Gate (Chrono Boost)  
  23  2:00  Stalker  
  27  2:03  Sentry  
  27  2:06  Probe  
  28  2:09  Pylon  
  28  2:26  Pylon  
  28  2:31  Stalker x2  
  31  2:53  Nexus  
  31  2:56  Probe  
  32  3:02  Sentry  
  32  3:03  Sentry  
  36  3:08  Probe  
  37  3:18  Twilight Council  
  37  3:20  Probe  
  38  3:28  Shield Battery  
  38  3:32  Probe  
  39  3:44  Adept x2  
  44  3:48  Probe  
  44  3:58  Shield Battery  
  44  4:03  Probe  
  44  4:06  Probe  
  44  4:07  Stalker  
  48  4:12  Stalker  
  50  4:17  Probe  
  50  4:19  Blink (Chrono Boost)  
  51  4:26  Probe  
  51  4:29  Probe  
  51  4:30  Adept  
  53  4:38  Probe  
  54  4:41  Probe  
  55  4:48  Stalker  
  55  4:50  Probe  
  57  4:53  Probe  
  56  5:02  Probe  
  56  5:05  Probe  
  58  5:14  Probe  
  58  5:15  Nexus  
  58  5:17  Pylon  
  58  5:18  Probe  
  58  5:26  Probe  
  59  5:30  Probe  
  60  5:38  Probe  
  60  5:39  Forge  
  60  5:42  Probe, Pylon  
  62  5:48  Stalker x2  
  66  5:50  Probe  
  66  5:54  Gateway, Probe  
  68  6:00  Assimilator  
  68  6:03  Probe  
  69  6:05  Shield Battery  
  69  6:06  Probe  
  69  6:09  Pylon  
  70  6:15  Probe  
  70  6:17  Photon Cannon  
  70  6:18  Probe  
  72  6:19  Stalker x2  
  72  6:33  Probe  
  57  6:40  Probe  
  57  6:42  Stalker x2  
  53  6:50  Stalker  
  53  6:51  Probe x2  
  53  6:53  Probe  
  50  7:05  Stalker x2  
Tags
 
Add a new tag
Caveats
  • Supply blocks, unpowered buildings, or Contaminate may cause inaccurate times.
  • Supply counts are checked every 10 seconds.